 Dungeon Crawl Stone Soup version 0.26.0-10-g1f06aea511 (webtiles) character file.

Game seed: 13486939817468604099

1979 mkm the Geomancer (level 9, 0/45 HPs)
             Began as a Gargoyle Earth Elementalist on Jan 16, 2021.
             Was an Initiate of Vehumet.
             Slain by an orc warrior
             ... wielding a +0 halberd
              (17 damage)
             ... on level 7 of the Dungeon.
             The game lasted 00:38:24 (10831 turns).

mkm the Geomancer (Gargoyle Earth Elementalist)    Turns: 10831, Time: 00:38:24

Health: 0/45       AC: 13    Str: 12    XL:     9   Next: 20%
Magic:  0/17       EV: 10    Int: 19    God:    Vehumet [......]
Gold:   335        SH:  5    Dex: 10    Spells: 10/19 levels left

rFire    + . .     SeeInvis .   a - +2 hand axe (vamp)
rCold    + . .     Faith    .   (no shield)
rNeg     + + .     Spirit   .   o - +1 ring mail {rC+}
rPois    ∞         Reflect  +   (no helmet)
rElec    +         Harm     .   (no cloak)
rCorr    .         Rampage  .   (no gloves)
Will     .....                  l - +0 pair of boots
Stlth    ..........             u - amulet of reflection
HPRegen  0.15/turn              s - ring of protection from fire
MPRegen  0.15/turn              w - ring of Gygu {*Contam rElec rPois rN+ Stlth-}

@: no status effects
A: negative energy resistance 1, electricity resistance, unbreathing,
petrification resistance, miasma immunity, AC +6
a: Renounce Religion


You were on level 7 of the Dungeon.
You worshipped Vehumet.
Vehumet was noncommittal.
You visited 2 branches of the dungeon, and saw 8 of its levels.

You collected 335 gold pieces.

Inventory:

Hand Weapons
 a - a +2 vampiric hand axe (weapon)
 x - the +9 heavy crossbow "Sniper" {vorpal, Acc+∞ SInv}
   (You found it on level 4 of the Dungeon)

   Any bolt fired from it inflicts extra damage.
   It lets you see invisible.
 A - a +0 vorpal mace
Missiles
 b - 91 stones
Armour
 c - a +0 robe
 l - a +0 pair of boots (worn)
 o - a +1 ring mail of cold resistance (worn)
 z - +0 steam dragon scales
Jewellery
 s - a ring of protection from fire (left hand)
 u - an amulet of reflection (around neck)
 w - the ring of Gygu (right hand) {*Contam rElec rPois rN+ Stlth-}
   (You found it on level 4 of the Dungeon)

   [ring of attention]

   It insulates you from electricity.
   It protects you from poison.
   It protects you from negative energy.
   It causes magical contamination when unequipped.
   It makes you less stealthy.
 y - a +6 ring of dexterity {unknown}
Scrolls
 d - 2 scrolls of random uselessness {unknown}
 e - a scroll of fog {unknown}
 f - 2 scrolls of remove curse
 g - 4 scrolls of teleportation {unknown}
 i - a scroll of fear {unknown}
 j - 3 scrolls of blinking {unknown}
 k - 2 scrolls of magic mapping {unknown}
 p - a scroll of enchant armour {unknown}
 q - a scroll of amnesia {unknown}
 t - 2 scrolls of immolation {unknown}
 v - 2 scrolls of enchant weapon {unknown}
Potions
 h - 2 potions of mutation
 m - 2 potions of degeneration
 r - a potion of flight


   Skills:
 - Level 1.5 Dodging
 - Level 2.1 Stealth
 + Level 5.8 Spellcasting
 + Level 5.7 Conjurations
 + Level 4.9 Transmutations
 + Level 8.1 Earth Magic


You had 10 spell levels left.
You knew the following spells:

 Your Spells              Type           Power        Failure   Level
a - Sandblast             Erth           72%          1%          1
b - Stone Arrow           Conj/Erth      62%          4%          3
c - Lee's Rapid Deconstr  Erth           18%          26%         5

Your spell library contained the following spells:

 Spells                   Type           Power        Failure   Level
 Magic Dart               Conj           100%         2%          1
 Passwall                 Tmut/Erth      25%          2%          2
 Petrify                  Tmut/Erth      30%          17%         4
 Conjure Flame            Conj/Fire      16%          24%         3
 Mephitic Cloud           Conj/Pois/Air  12%          34%         3
 Blink                    Tloc           N/A          36%         2
 Call Imp                 Summ           5%           36%         2
 Slow                     Hex            5%           36%         2


Dungeon Overview and Level Annotations

Branches:
Dungeon (7/15)             Temple (1/1) D:6

Altars:
Cheibriados
Dithmenos
Elyvilon
Fedhas
Gozag
Hepliaklqana
Makhleb
Nemelex Xobeh
Okawaru
Qazlal
Sif Muna
Trog
Uskayaw
Vehumet
Wu Jian
Xom
Yredelemnul
Zin
The Shining One

Shops:
D:5 *   D:6 }

Annotations:
D:4 Sigmund


Innate Abilities, Weirdness & Mutations

You are resistant to torment.
Your stone body is resilient. (AC +6)
You are immune to poison.
You resist negative energy. (rN+)
You are resistant to electric shocks. (rElec)
You can survive without breathing.
You are immune to petrification.
You are immune to miasma.


Message History

The orc warrior is heavily wounded.
Casting: Sandblast (safe; 1% risk of failure)
Confirm with . or Enter, or press ? or * to list all spells.
You don't have enough magic to cast that spell.
There are monsters nearby!
There are monsters nearby!
Unknown command.
The orc warrior hits you with a +0 halberd!
It was a potion of cancellation.
You feel magically purged.
You feel slightly less contaminated with magical energies.
The orc warrior closely misses you.
Your magical contamination has completely faded away.
Okay, then.
You hit the orc warrior but do no damage.
The orc warrior is heavily wounded.
The orc warrior barely misses you.
You barely miss the orc warrior.
The orc warrior is heavily wounded.
The orc warrior hits you with a +0 halberd!
You die...

#.#
#...#.............#
#.#
###.#.###........>#
#.# #.#.#
#.[.........
#####.# #.#.#
##.#.##..####
#.....# #.#.#
#.#.##..# #######
#...# #.#.##..#
#..## #)#.# .#
#..#####.#.
#..@oo).?..
##.#####.## #.# #.#
# ..# . #.# #.# #
#.# #.# . #.#


You could see an orc warrior and an orc wizard.

Vanquished Creatures
  Maggie (D:7)
  A water moccasin (D:6)
  An orc warrior (D:6)
  A sky beast (D:5)
  An ogre (D:5)
  2 centaurs
  3 bullfrogs
  A gnoll sergeant (D:7)
  3 scorpions
  A howler monkey (D:4)
  6 orc priests
  2 hounds
  A bullfrog skeleton (D:6)
  2 jellies
  2 iguanas
  2 orc wizards
  2 worker ants (D:5)
  A howler monkey zombie (D:7)
  9 gnolls
  4 adders
  A white imp (D:5)
  2 ufetubi (D:6)
  An adder skeleton (D:6)
  4 worms
  2 dart slugs
  5 leopard geckos
  23 orcs
  8 bats
  5 giant cockroaches
  6 goblins
  8 hobgoblins
  2 quokkas
  6 frilled lizards
  10 kobolds
  A quokka skeleton (D:4)
  5 rats (D:1)
135 creatures vanquished.

Vanquished Creatures (others)
  A plant (D:5)
1 creature vanquished.

Grand Total: 136 creatures vanquished

Notes
Turn   | Place    | Note
-------+----------+-------------------------------------------
     0 | D:1      | mkm the Gargoyle Earth Elementalist began the quest for the
                  | Orb.
     0 | D:1      | Reached XP level 1. HP: 10/10 MP: 3/3
   182 | D:1      | Reached skill level 1 in Transmutations
   253 | D:1      | Reached XP level 2. HP: 15/15 MP: 1/5
   439 | D:1      | You fall into a shaft and drop 1 floor!
   444 | D:2      | Reached skill level 4 in Earth Magic
   557 | D:1      | Reached XP level 3. HP: 19/19 MP: 4/6
   561 | D:1      | Learned a level 3 spell: Stone Arrow
  1685 | D:1      | Reached XP level 4. HP: 11/24 MP: 6/8
  3244 | D:2      | Reached skill level 1 in Conjurations
  3244 | D:2      | Reached XP level 5. HP: 25/28 MP: 1/9
  3250 | D:2      | Learned a level 5 spell: Lee's Rapid Deconstruction
  3378 | D:3      | Reached skill level 5 in Earth Magic
  4331 | D:3      | Reached XP level 6. HP: 32/32 MP: 9/11
  4571 | D:4      | Found a bloodstained altar of Trog.
  4820 | D:4      | Found the +9 heavy crossbow "Sniper" {vorpal, Acc+∞ SInv}
  5236 | D:4      | Got a steaming golden ring
  5528 | D:4      | Noticed Sigmund
  5607 | D:5      | Entered Level 5 of the Dungeon
  5650 | D:5      | Found Myhyrufrea's Assorted Antiques.
  6060 | D:5      | Reached XP level 7. HP: 36/36 MP: 4/12
  6408 | D:5      | Identified the ring of Gygu {*Contam rElec rPois rN+
                  | Stlth-} (You found it on level 4 of the Dungeon)
  6693 | D:5      | Reached skill level 6 in Earth Magic
  6895 | D:5      | Found a shadowy altar of Dithmenos.
  7497 | D:5      | Reached XP level 8. HP: 41/41 MP: 10/14
  7995 | D:6      | Found Rijiggoy's Gadget Shoppe.
  8025 | D:6      | Reached skill level 5 in Spellcasting
  8025 | D:6      | Reached skill level 7 in Earth Magic
  8079 | D:6      | Found a staircase to the Ecumenical Temple.
  8560 | D:6      | Reached skill level 5 in Conjurations
  8573 | Temple   | Entered the Ecumenical Temple
  8766 | Temple   | Became a worshipper of Vehumet
 10074 | D:7      | Noticed Maggie
 10096 | D:7      | Killed Maggie
 10097 | D:7      | Reached XP level 9. HP: 33/45 MP: 0/17
 10201 | D:7      | Reached skill level 8 in Earth Magic
 10418 | D:7      | Found an opulent altar of Gozag.
 10831 | D:7      | Slain by an orc warrior

Illustrated notes

Levels and vault maps discovered:
D:1:      scummos_arrival_simple_fountains, layout_loops_cross,
          minmay_nonomino_d4
D:2:      layout_rooms
D:3:      layout_loops_ring
D:4:      layout_rooms, overflow_temple_1_default, makhleb_altar_promises_db,
          uniq_sigmund
D:5:      minmay_diamond_boxcup, layout_basic, kennysheep_little_box,
          serial_shops, nicolae_shop_overgrown_old_shop
D:6:      layout_cave_pods, minmay_temple_entry_arrows, serial_shops, shop
D:7:      minmay_chambers_of_fours, layout_loops_ring, grunt_gozag_breadcrumbs,
          minmay_misc_feat_secret_circle, uniq_maggie
Temple:   regret_index_temple_sphere_string

Skill      XL: |  1  2  3  4  5  6  7  8  9 |
---------------+----------------------------+-----
Transmutations | 1 2 3 4 |  4.9
Earth Magic    | 4 5 6 7 8 |  8.1
Spellcasting   | 3 4 5 |  5.8
Conjurations   | 1 2 3 5 |  5.7
Dodging        | |  1.5
Stealth        | |  2.1

Action                   |  1- 3 |  4- 6 |  7- 9 || total
-------------------------+-------+-------+-------++-------
Melee: Whip              |   103 |   165 |    34 ||   302
       Club              |     9 |       |       ||     9
       Hand axe          |       |       |    47 ||    47
 Cast: Sandblast         |    31 |    35 |    17 ||    83
       Stone Arrow       |       |    34 |    71 ||   105
       Lee's Rapid Decon |       |       |     2 ||     2
  Use: Scroll            |     2 |     7 |     2 ||    11
       Potion            |       |     1 |     5 ||     6
Armor: Robe              |    57 |    36 |       ||    93
       Ring mail         |       |    58 |    71 ||   129
Dodge: Dodged            |    93 |   118 |    60 ||   271
Block: Other             |       |    16 |    28 ||    44
       Reflection        |       |       |     5 ||     5
